 Dungeon Crawl Stone Soup version 0.23-b1-6-ga921848b48 (webtiles) character file.

Game seed: 2483568452175200604

1303 LostNumber the Chiller (level 8, 0/58 HPs)
             Began as a Gnoll Ice Elementalist on Feb 1, 2019.
             Was a Follower of Ashenzari.
             Slain by a gnoll sergeant
             ... wielding a +0 trident
              (8 damage)
             ... on level 5 of the Dungeon.
             The game lasted 00:12:36 (5783 turns).

LostNumber the Chiller (Gnoll Ice Elementalist)     Turns: 5783, Time: 00:12:37

Health: 0/58       AC:  8    Str: 13    XL:     8   Next: 57%
Magic:  11/17      EV: 15    Int: 17    God:    Ashenzari [*.....]
Gold:   56         SH:  7    Dex: 16    Spells: 5/19 levels left

rFire    . . .     SeeInvis .   s - +4 spear (chaos)
rCold    . . .     Gourm    .   E - +0 buckler
rNeg     + . .     Faith    .   j - +0 leather armour
rPois    .         Spirit   .   b - +0 helmet
rElec    .         Reflect  +   (no cloak)
rCorr    .         Harm     .   D - +2 pair of gloves
MR       .....                  y - +0 pair of boots
Stlth    +++.......             B - +2 amulet of reflection
HPRegen  0.19/turn              t - ring of positive energy
MPRegen  0.15/turn              (no ring)

@: no status effects
A: distributed training, fangs 1, strong nose
a: Curse Item, Scrying, Renounce Religion


You were on level 5 of the Dungeon.
You worshipped Ashenzari.
Ashenzari was aware of your devotion.
You were hungry.

You visited 1 branch of the dungeon, and saw 5 of its levels.

You collected 287 gold pieces.
You spent 231 gold pieces at shops.

Inventory:

Hand Weapons
 e - a +0 dagger
 s - a +4 spear of chaos (weapon)
Armour
 a - a +0 robe
 b - a +0 helmet (worn)
 j - a +0 leather armour (worn)
 k - a +0 ring mail
 y - a +0 pair of boots (worn)
 D - a +2 pair of gloves (worn)
 E - a +0 buckler (worn)
Jewellery
 t - a ring of positive energy (left hand)
 B - a +2 amulet of reflection (around neck)
Wands
 z - a wand of enslavement (7)
Scrolls
 f - a scroll of immolation {unknown}
 g - 3 scrolls of amnesia {unknown}
 h - 2 scrolls of magic mapping {unknown}
 l - a scroll of blinking {unknown}
 m - 3 scrolls of fog {unknown}
 n - a scroll of enchant weapon {unknown}
 p - 6 scrolls of identify {unknown}
 u - a scroll of enchant armour {unknown}
 w - 3 scrolls of remove curse
 x - a scroll of teleportation {unknown}
 C - a scroll of noise {unknown}
Potions
 d - 5 potions of curing
 i - a potion of magic {unknown}
 o - 2 potions of agility {unknown}
 q - a potion of brilliance {unknown}
 r - a potion of might {unknown}
 v - 2 potions of cancellation {unknown}
Comestibles
 c - 8 rations


   Skills:
 + Level 3.3 Fighting
 + Level 3.3 Short Blades
 + Level 3.3 Long Blades
 + Level 3.3 Axes
 + Level 3.3 Maces & Flails
 + Level 3.3 Polearms
 + Level 3.3 Staves
 + Level 3.3 Slings
 + Level 3.3 Bows
 + Level 3.3 Crossbows
 + Level 3.3 Throwing
 + Level 3.3 Armour
 + Level 5.7 Dodging
 + Level 5.4 Stealth
 + Level 3.3 Shields
 + Level 3.3 Unarmed Combat
 + Level 6.1 Spellcasting
 + Level 3.5 Conjurations
 + Level 2.7 Hexes
 + Level 2.7 Charms
 + Level 2.7 Summonings
 + Level 2.7 Necromancy
 + Level 2.7 Translocations
 + Level 2.7 Transmutations
 + Level 2.7 Fire Magic
 + Level 6.1 Ice Magic
 + Level 2.7 Air Magic
 + Level 2.7 Earth Magic
 + Level 2.7 Poison Magic
 + Level 3.6 Invocations
 + Level 3.3 Evocations


You had 5 spell levels left.
You knew the following spells:

 Your Spells              Type           Power        Failure   Level  Hunger
a - Freeze                Ice            ####         1%          1    None
b - Throw Frost           Conj/Ice       ###...       3%          2    None
c - Ozocubu's Armour      Chrm/Ice       ###.....     9%          3    ##.....
d - Throw Icicle          Conj/Ice       ###.....     24%         4    ####...
e - Summon Ice Beast      Ice/Summ       ###.....     28%         4    ####...

Your spell library contained the following spells:

 Spells                   Type           Power        Failure   Level  Hunger
 Summon Small Mammal      Summ           ##..         5%          1    None
 Call Imp                 Summ           ##......     9%          2    None
 Call Canine Familiar     Summ           ##......     17%         3    ##.....
 Summon Guardian Golem    Hex/Summ       ##......     17%         3    ##.....
 Summon Lightning Spire   Summ/Air       ##......     50%         4    ####...


Dungeon Overview and Level Annotations

Branches:
Dungeon (5/15)
 Temple: D:4-7

Altars:
Ashenzari
Fedhas
Xom
Zin

Shops:
D:5 [


Innate Abilities, Weirdness & Mutations

Your experience applies equally to all skills.
You have very sharp teeth.
Your uncanny sense of smell can sniff out nearby items.


Message History

Unknown command.
You miss something. Something hits you.
* * * LOW HITPOINT WARNING * * *
You block the gnoll's attack.
The gnoll hits you from afar with a +0 spear.
* * * LOW HITPOINT WARNING * * *
Unknown command.
Casting: Summon Ice Beast (quite dangerous; 28% risk of failure)
Confirm with . or Enter, or press ? or * to list all spells.
Aiming: Freeze (safe; 1% risk of failure)
Press: ? - help, Shift-Dir - straight line You freeze something!
Something hits you.
* * * LOW HITPOINT WARNING * * *
The gnoll closely misses you. The gnoll barely misses you.
Casting: Freeze (safe; 1% risk of failure)
Confirm with . or Enter, or press ? or * to list all spells.
Aiming: Freeze (safe; 1% risk of failure)
Press: ? - help, Shift-Dir - straight line You freeze something.
Something hits you!
You die...

#....≈≈≈≈≈≈≈≈≈≈≈≈≈≈≈≈†≈≈≈≈≈≈≈≈≈
#....≈≈#####≈≈≈≈≈≈≈≈†≈≈≈≈≈≈≈≈≈≈
#....≈≈#...#.........÷.........
#....≈≈#...####################
#....≈≈###'#....'. ...
#....≈≈≈.#.#...)###'#####
#....≈≈≈.#.#.gg.).#......
#....≈≈≈.#.###g##.#gg....
#....≈≈≈.#...Y@{#.#gg....
#.P..≈≈≈.#).....#ggggg...
#....≈≈≈.#.####################
#....≈≈≈(#.#.....))....#....#..
#....≈≈≈.#)).)..)......'..).'.)
#....≈≈###'#...........#....#..
#...P≈≈#...#############''''###
#....≈≈#...#...................
#....≈≈#####≈≈≈≈≈≈≈≈≈≈≈≈....≈≈≈


You could see 3 gnolls and a friendly ice beast.

Vanquished Creatures
  A troll (D:5)
  A necrophage (D:5)
  2 centaurs (D:5)
  A crimson imp (D:5)
  A gnoll shaman (D:5)
  An orc priest (D:3)
  5 orc wizards
  A centaur skeleton (D:4)
  An iguana (D:5)
  4 worker ants
  A hound skeleton (D:4)
  30 gnolls
  5 adders
  A shadow imp (D:5)
  2 oozes (D:3)
  2 adder skeletons
  2 dart slugs
  2 leopard geckos (D:4)
  13 orcs
  5 bats
  8 giant cockroaches
  8 goblins
  7 hobgoblins
  25 jackals
  6 kobolds
  2 quokkas (D:5)
  5 frilled lizards
  A jackal zombie (D:5)
  A leopard gecko skeleton (D:5)
  5 rats
149 creatures vanquished.

Vanquished Creatures (collateral kills)
  5 gnolls (D:5)
5 creatures vanquished.

Vanquished Creatures (others)
  A gnoll (D:5)
1 creature vanquished.

Grand Total: 155 creatures vanquished

Notes
Turn   | Place    | Note
-------+----------+-------------------------------------------
     0 | D:1      | LostNumber the Gnoll Ice Elementalist began the quest for
                  | the Orb.
     0 | D:1      | Reached XP level 1. HP: 13/13 MP: 6/6
   188 | D:1      | Reached XP level 2. HP: 16/19 MP: 1/7
   245 | D:1      | Learned a level 2 spell: Throw Frost
   860 | D:1      | Reached XP level 3. HP: 25/25 MP: 6/9
   930 | D:2      | Found a shattered altar of Ashenzari.
   931 | D:2      | Reached skill level 5 in Spellcasting
   937 | D:2      | Became a worshipper of Ashenzari the Shackled
  1081 | D:2      | Reached skill level 1 in Invocations
  1530 | D:2      | Found a glowing silver altar of Zin.
  1683 | D:3      | Reached skill level 1 in Fighting
  1683 | D:3      | Reached skill level 1 in Short Blades
  1683 | D:3      | Reached skill level 1 in Long Blades
  1683 | D:3      | Reached skill level 1 in Axes
  1683 | D:3      | Reached skill level 1 in Maces & Flails
  1683 | D:3      | Reached skill level 1 in Polearms
  1683 | D:3      | Reached skill level 1 in Staves
  1683 | D:3      | Reached skill level 1 in Slings
  1683 | D:3      | Reached skill level 1 in Bows
  1683 | D:3      | Reached skill level 1 in Crossbows
  1683 | D:3      | Reached skill level 1 in Throwing
  1683 | D:3      | Reached skill level 1 in Armour
  1683 | D:3      | Reached skill level 1 in Shields
  1683 | D:3      | Reached skill level 1 in Unarmed Combat
  1683 | D:3      | Reached skill level 1 in Evocations
  1683 | D:3      | Reached XP level 4. HP: 26/32 MP: 4/11
  2046 | D:3      | Reached skill level 1 in Hexes
  2046 | D:3      | Reached skill level 1 in Charms
  2046 | D:3      | Reached skill level 1 in Summonings
  2046 | D:3      | Reached skill level 1 in Necromancy
  2046 | D:3      | Reached skill level 1 in Translocations
  2046 | D:3      | Reached skill level 1 in Transmutations
  2046 | D:3      | Reached skill level 1 in Fire Magic
  2046 | D:3      | Reached skill level 1 in Air Magic
  2046 | D:3      | Reached skill level 1 in Earth Magic
  2046 | D:3      | Reached skill level 1 in Poison Magic
  2367 | D:3      | Reached XP level 5. HP: 37/37 MP: 1/12
  2475 | D:3      | Learned a level 3 spell: Ozocubu's Armour
  2864 | D:4      | Reached XP level 6. HP: 9/44 MP: 0/13
  3191 | D:4      | Found a shimmering altar of Xom.
  3668 | D:4      | Reached * piety under Ashenzari
  3723 | D:4      | Reached skill level 5 in Dodging
  3936 | D:5      | Entered Level 5 of the Dungeon
  3937 | D:5      | Noticed a troll
  4024 | D:5      | Found a blossoming altar of Fedhas.
  4043 | D:5      | Noticed a necrophage
  4055 | D:5      | Killed a necrophage
  4123 | D:5      | Reached XP level 7. HP: 39/50 MP: 3/15
  4168 | D:5      | Learned a level 4 spell: Throw Icicle
  4572 | D:5      | Learned a level 4 spell: Summon Ice Beast
  4603 | D:5      | Found Pick's Armour Boutique.
  4694 | D:5      | Bought a +2 pair of gloves for 231 gold pieces
  4709 | D:5      | Reached skill level 5 in Stealth
  4893 | D:5      | Reached XP level 8. HP: 50/57 MP: 14/16
  4920 | D:5      | Killed a troll
  5783 | D:5      | Slain by a gnoll sergeant

Skill      XL: |  1  2  3  4  5  6  7  8 |
---------------+-------------------------+-----
Conjurations   | 2 3 |  3.5
Spellcasting   | 5 6 |  6.1
Invocations    | 1 2 3 |  3.6
Fighting       | 1 2 3 |  3.3
Short Blades   | 1 2 3 |  3.3
Long Blades    | 1 2 3 |  3.3
Axes           | 1 2 3 |  3.3
Maces & Flails | 1 2 3 |  3.3
Polearms       | 1 2 3 |  3.3
Staves         | 1 2 3 |  3.3
Slings         | 1 2 3 |  3.3
Bows           | 1 2 3 |  3.3
Crossbows      | 1 2 3 |  3.3
Throwing       | 1 2 3 |  3.3
Armour         | 1 2 3 |  3.3
Shields        | 1 2 3 |  3.3
Unarmed Combat | 1 2 3 |  3.3
Evocations     | 1 2 3 |  3.3
Hexes          | 1 2 |  2.7
Charms         | 1 2 |  2.7
Summonings     | 1 2 |  2.7
Necromancy     | 1 2 |  2.7
Translocations | 1 2 |  2.7
Transmutations | 1 2 |  2.7
Fire Magic     | 1 2 |  2.7
Air Magic      | 1 2 |  2.7
Earth Magic    | 1 2 |  2.7
Poison Magic   | 1 2 |  2.7
Dodging        | 5 |  5.7
Stealth        | 5 |  5.4
Ice Magic      | 6 |  6.1

Action                   |  1- 3 |  4- 6 |  7- 9 || total
-------------------------+-------+-------+-------++-------
Melee: Dagger            |    11 |    34 |       ||    45
       Bite              |     1 |    11 |    20 ||    32
       Spear             |       |    29 |   178 ||   207
       Punch             |       |       |     1 ||     1
 Cast: Freeze            |    50 |    62 |    67 ||   179
       Throw Frost       |     4 |    22 |     7 ||    33
       Ozocubu's Armour  |       |     2 |       ||     2
       Throw Icicle      |       |       |     2 ||     2
       Summon Ice Beast  |       |       |     3 ||     3
  Use: Potion            |       |     1 |       ||     1
 Stab: Sleeping          |     1 |     4 |     3 ||     8
       Paralysed         |       |     2 |       ||     2
       Distracted        |       |       |     1 ||     1
       Confused          |       |       |     1 ||     1
       Petrified         |       |       |     5 ||     5
       Petrifying        |       |       |     2 ||     2
  Eat: Chunk             |     1 |     9 |     6 ||    16
Armor: Robe              |     7 |       |       ||     7
       Leather armour    |       |    18 |    42 ||    60
Dodge: Dodged            |    33 |    76 |   122 ||   231
Block: Other             |       |     1 |     5 ||     6
       Reflection        |       |       |     5 ||     5
       Buckler           |       |       |    40 ||    40
